 Dungeon Crawl Stone Soup version 0.18-a0-1157-g59db91b (webtiles) character file.

2772 Duffy the Thaumaturge (level 9, -3/45 HPs)
             Began as a Deep Elf Conjurer on Jan 23, 2016.
             Was an Initiate of Vehumet.
             Slain by an orc
             ... wielding a +0 hand axe
              (7 damage)
             ... on level 7 of the Dungeon.
             The game lasted 00:11:33 (9801 turns).

Duffy the Thaumaturge (Deep Elf Conjurer)           Turns: 9801, Time: 00:11:33

Health: -3/45      AC:  3    Str:  5    XL:     9   Next: 42%
Magic:  12/26      EV: 13    Int: 24    God:    Vehumet [......]
Gold:   215        SH:  0    Dex: 15    Spells: 4 memorised, 19 levels left

rFire  . . .     SeeInvis .     j - +0 blowgun
rCold  . . .     Gourm    .     a - +0 robe
rNeg   . . .     Faith    .     (no shield)
rPois  .         Spirit   .     g - +0 hat
rElec  .         Dismiss  .     v - +0 cloak
rCorr  .         Reflect  .     (no gloves)
SustAt .         Harm     .     (no boots)
MR     .....                    s - amulet of rage
Stlth  ++........               (no ring)
                                (no ring)

@: not resistant to hostile enchantments, unstealthy
A: no striking features
a: Renounce Religion, Evoke Berserk Rage


You were on level 7 of the Dungeon.
You worshipped Vehumet.
Vehumet was noncommittal.
You were not hungry.

You visited 2 branches of the dungeon, and saw 9 of its levels.
You also visited: Sewer.

You collected 315 gold pieces.
You spent 100 gold pieces at shops.


   Skills:
 - Level 2.4 Dodging
 - Level 2.4 Stealth
 + Level 11.5 Spellcasting
 + Level 10.5 Conjurations
 - Level 5.5 Charms


You had 19 spell levels left.
You knew the following spells:

 Your Spells              Type           Power        Failure   Level  Hunger
a - Magic Dart            Conj           ####         1%          1    None
i - Iskenderun's Battles  Conj/Chrm      ######..     6%          5    ####...
l - Iskenderun's Mystic   Conj           ######..     1%          4    None
s - Searing Ray           Conj           ######       1%          2    None

Inventory:

Hand Weapons
 j - a +0 blowgun (weapon)
 l - a +1 dagger of venom
Missiles
 k - 6 poisoned needles (quivered)
Armour
 a - a +0 robe (worn)
 g - a +0 hat (worn)
 v - a +0 cloak (worn)
Jewellery
 s - an amulet of rage (around neck)
Scrolls
 d - 3 scrolls of enchant weapon {unknown}
 e - 2 scrolls of enchant armour {unknown}
 f - 4 scrolls of blinking
 h - 7 scrolls of identify {unknown}
 m - a scroll of immolation {unknown}
 o - 4 scrolls of recharging
 p - 3 scrolls of remove curse {unknown}
 w - 2 scrolls of fog {unknown}
 x - 3 scrolls of teleportation
 y - 2 scrolls of magic mapping {unknown}
 B - a scroll of noise {unknown}
 C - a scroll of random uselessness {unknown}
 D - a scroll of silence {unknown}
Potions
 i - 4 potions of heal wounds {unknown}
 r - 4 potions of curing
 t - 7 potions of might {unknown}
 z - a potion of magic {unknown}
 E - a potion of haste {unknown}
Books
 b - a book of Conjurations
 H - a book of Clouds
Comestibles
 c - 6 bread rations
 n - 3 meat rations
 q - a royal jelly
 u - a beef jerky
 A - 5 fruits
 F - 2 slices of pizza
 G - 2 chunks of flesh

Dungeon Overview and Level Annotations

Branches:
Dungeon (8/15)             Temple (1/1) D:7
   Lair: D:8-11

Altars:
Ashenzari
Cheibriados
Elyvilon
Fedhas
Kikubaaqudgha
Makhleb
Nemelex Xobeh
Okawaru
Qazlal
Ru
Sif Muna
Trog
Vehumet
Xom
Yredelemnul
Zin

Shops:
D:4 }   D:7 **


Message History

The barrage of energy hits the black bear.
The black bear is almost dead.
The black bear goes berserk!
Cast which spell? (? or * to list)
Aiming: Magic Dart
Press: ? - help, Shift-Dir - straight line, f/p - black bear
Aim: a black bear (almost dead, berserk, fast, unusually strong)
The magic dart hits the black bear.
The black bear is almost dead.
Your battlesphere fires!
The barrage of energy hits the black bear.
You kill the black bear!
Vehumet accepts your kill.
Your battlesphere expends the last of its energy and dissipates.
Cast which spell? (? or * to list)
Aiming: Magic Dart
Press: ? - help, Shift-Dir - straight line, f - orc
Aim: an orc, wielding a hand axe and wearing a chain mail The magic dart hits the orc.
The orc barely misses you.
Cast which spell? (? or * to list)
Aiming: Magic Dart
Press: ? - help, Shift-Dir - straight line, f/p - orc
Aim: an orc, wielding a hand axe and wearing a chain mail The magic dart hits the orc.
Cast which spell? (? or * to list)
Aiming: Magic Dart
Press: ? - help, Shift-Dir - straight line, f/p - orc
Aim: an orc, wielding a hand axe and wearing a chain mail The magic dart hits the orc.
The orc hits you with a hand axe.
Cast which spell? (? or * to list)
Aiming: Magic Dart
Press: ? - help, Shift-Dir - straight line, f/p - orc
Aim: an orc, wielding a hand axe and wearing a chain mail The magic dart hits the orc.
The orc hits you with a hand axe!
You die...

...##.###.#.##...#
#####.#...#.###..###
#.###.#.#......# #
#.....#.#.#[>#.###
.####.#####.#.##.....#
......# #.# #.#.#.#
P....P..# #.#.#.#
P...7P7P# #.##o# # #
77..77..# #...@# ####
77.# ######


hoho P.# .cOcg# .# ..Kog# You could see an orc.

Action                   |  1- 3 |  4- 6 |  7- 9 || total
-------------------------+-------+-------+-------++-------
Melee: Blowgun           |       |       |     2 ||     2
 Fire: Blowgun           |       |       |     6 ||     6
 Cast: Magic Dart        |    40 |    56 |   310 ||   406
       Searing Ray       |     2 |     7 |    15 ||    24
       Iskenderun's Batt |       |     1 |    29 ||    30
  Use: Scroll            |       |     1 |     2 ||     3
 Stab: Sleeping          |       |       |     1 ||     1
  Eat: Chunk             |       |     3 |    26 ||    29
       Meat ration       |       |     1 |       ||     1

Notes
Turn   | Place    | Note
--------------------------------------------------------------
     0 | D:1      | Duffy the Deep Elf Conjurer began the quest for the Orb.
     0 | D:1      | Reached XP level 1. HP: 10/10 MP: 6/6
   257 | D:1      | Reached XP level 2. HP: 15/15 MP: 0/8
   261 | D:1      | Learned a level 2 spell: Searing Ray
   653 | D:2      | Reached skill level 4 in Spellcasting
   653 | D:2      | Reached skill level 5 in Conjurations
   653 | D:2      | Reached XP level 3. HP: 19/19 MP: 3/10
   786 | D:3      | Noticed Sigmund
   959 | D:3      | Killed Sigmund
   959 | D:3      | Reached skill level 5 in Spellcasting
   959 | D:3      | Reached skill level 6 in Conjurations
   959 | D:3      | Reached XP level 4. HP: 5/24 MP: 4/13
   959 | D:3      | Reached XP level 5. HP: 5/28 MP: 4/15
  1219 | D:3      | Reached skill level 6 in Spellcasting
  1660 | D:3      | Learned a level 4 spell: Iskenderun's Mystic Blast
  1666 | D:3      | Learned a level 5 spell: Iskenderun's Battlesphere
  1683 | D:4      | Noticed Grinder
  1707 | D:3      | Reached XP level 6. HP: 32/32 MP: 14/17
  1816 | D:3      | Reached skill level 1 in Charms
  1902 | D:3      | Found a stormy altar of Qazlal.
  1911 | D:3      | Found a blossoming altar of Fedhas.
  2394 | D:4      | Killed Grinder
  2394 | D:4      | Reached skill level 5 in Charms
  2499 | D:4      | Reached XP level 7. HP: 36/36 MP: 2/18
  3089 | D:4      | Noticed Natasha
  3094 | D:4      | Killed Natasha
  3094 | D:4      | Reached skill level 7 in Spellcasting
  3094 | D:4      | Reached skill level 7 in Conjurations
  3153 | D:4      | Noticed Natasha
  3157 | D:4      | Killed Natasha
  3297 | D:4      | Noticed Natasha
  3302 | D:4      | Killed Natasha
  3338 | D:4      | Found Numperr's Gadget Boutique.
  3565 | D:4      | Found a stormy altar of Qazlal.
  3567 | D:4      | Noticed a water elemental
  3567 | D:4      | Noticed a fire elemental
  3568 | D:4      | Noticed an air elemental
  3681 | D:5      | Entered Level 5 of the Dungeon
  3734 | D:5      | Found a glowing drain.
  3806 | Sewer    | Entered a sewer
  4526 | Sewer    | Reached skill level 8 in Spellcasting
  4530 | Sewer    | Reached skill level 8 in Conjurations
  4530 | Sewer    | Reached XP level 8. HP: 41/41 MP: 4/22
  5003 | D:5      | Noticed kak's ghost (amateur NaVM)
  5012 | D:5      | Killed kak's ghost
  5012 | D:5      | Reached skill level 9 in Spellcasting
  5326 | D:5      | Found a glowing silver altar of Zin.
  5326 | D:5      | Noticed an angel
  5730 | D:6      | Reached skill level 9 in Conjurations
  6194 | D:6      | Reached skill level 10 in Spellcasting
  6673 | D:6      | Reached XP level 9. HP: 21/45 MP: 16/25
  6958 | D:6      | Found a basalt altar of Yredelemnul.
  7459 | D:7      | Reached skill level 10 in Conjurations
  7505 | D:7      | Found Ziul Emes's Assorted Antiques.
  7508 | D:7      | Bought a green potion for 15 gold pieces
  7508 | D:7      | Bought a scroll labeled GURAZOTREE for 17 gold pieces
  7508 | D:7      | Bought a scroll labeled UXKIXA ZAIRPHY for 17 gold pieces
  7584 | D:7      | Found a staircase to the Ecumenical Temple.
  7590 | D:7      | Reached skill level 11 in Spellcasting
  7596 | Temple   | Entered the Ecumenical Temple
  7715 | Temple   | Became a worshipper of Vehumet
  8668 | D:2      | Noticed Jessica
  8671 | D:2      | Killed Jessica
  9448 | D:7      | Found Alainer's Assorted Antiques.
  9452 | D:7      | Bought a scroll labeled GURAZOTREE for 27 gold pieces
  9452 | D:7      | Bought an inky potion for 24 gold pieces
  9801 | D:7      | Slain by an orc

Vault maps used:
D:1:      eino_arrival_druids_welcome, serial_glass, glass_columns_a,
          glass_columns_b
D:2:      first_bread, serial_forest, infiniplex_forest_clump_tiny,
          infiniplex_forest_straight_3, infiniplex_forest_straight_4,
          infiniplex_forest_split, infiniplex_forest_clump_large,
          infiniplex_forest_clump_tiny, infiniplex_forest_clump_medium,
          infiniplex_forest_lined_2, minivault_5, uniq_jessica
D:3:      grunt_temple_overflow_forces_of_nature, uniq_sigmund
D:4:      serial_shops, kennysheep_mini, nicolae_qazlal_style_of_elements,
          uniq_grinder, uniq_natasha
D:5:      zin_angel, portal_sewer_entry_b, minivault_26
D:6:      lemuel_zombie_altar_yredelemnul
D:7:      kennysheep_housing_project, minmay_temple_entry_junction,
          serial_shops, shop, shop, shop
D:8:      hangedman_tree_tricks
Temple:   zaba_magenta_temple_12
Sewer:    sewer_minmay_w

Vanquished Creatures
  Grinder
  The ghost of kak the Stinger, an amateur NaVM Sigmund
  An orc warrior
  2 black bears
  2 sky beasts
  An ice beast
  2 centaurs
  6 giant frogs
  2 scorpions
  A jelly
  A centaur zombie
  A crimson imp
  A hound
  2 orc priests Jessica
  An iguana Natasha (thrice)
  5 orc wizards
  5 worker ants
  4 gnolls
  2 river rats
  22 adders
  An ooze
  3 adder skeletons
  4 worms
  6 giant geckos
  35 orcs
  4 bats
  7 giant cockroaches
  7 goblins
  9 hobgoblins
  8 jackals
  3 quokkas
  18 ball pythons
  A giant gecko skeleton
  9 giant newts
  2 gnoll zombies
  7 kobolds
  34 rats
226 creatures vanquished.
